 Dungeon Sprint DCSS version 0.21.0-34-g9234887 (webtiles) character file.

58 wojtek the Cleaver (level 3, -4/31 HPs)
             Began as a Minotaur Berserker on Jan 29, 2018.
             Was a Believer of Trog.
             Killed by divine providence
             ... invoked by an oklob sapling priest
              (11 damage)
             ... in the Dungeon (Sprint IV: "Fedhas' Mad Dash").
             The game lasted 00:00:42 (342 turns).

wojtek the Cleaver (Minotaur Berserker)              Turns: 342, Time: 00:00:43

Health: -4/31      AC:  2    Str: 22    XL:     3   Next: 76%
Magic:  1/2        EV: 12    Int:  4    God:    Trog [**....]
Gold:   54         SH:  0    Dex:  9    Spells: 2/2 levels left

rFire    . . .     SeeInvis .   a - +0 hand axe
rCold    . . .     Gourm    .   (no shield)
rNeg     . . .     Faith    .   b - +0 animal skin
rPois    .         Spirit   .   (helmet restricted)
rElec    .         Reflect  .   (no cloak)
rCorr    .         Harm     .   (no gloves)
MR       .....     NoTele   +   (no boots)
Stlth    +.........             d - amulet of invisibility {+Inv}
HPRegen  0.10/turn              (no ring)
MPRegen  0.08/turn              (no ring)

@: very slightly contaminated, invisible (expiring)
A: retaliatory headbutt, horns 2
a: Berserk, Trog's Hand, Burn Spellbooks, Renounce Religion


You were in the Dungeon.
You worshipped Trog.
Trog was pleased with you.
You were not hungry.

You visited 1 branch You collected 54 gold pieces.

Inventory:

Hand Weapons
 a - a +0 hand axe (weapon)
Armour
 b - a +0 animal skin (worn)
Jewellery
 d - the amulet of invisibility (around neck) {+Inv}
   (You found it in the Dungeon)

   [amulet of nothing]

   It lets you turn invisible.
Scrolls
 i - a scroll of blinking
 j - a scroll of amnesia {unknown}
Potions
 e - a potion of heal wounds
 f - a potion of haste
 g - 2 potions of magic
 h - a potion of berserk rage
Comestibles
 c - a ration


   Skills:
 - Level 3.6 Fighting
 + Level 9.6 Axes
 - Level 2.4 Armour
 - Level 2.1 Dodging


You had 2 spell levels left.
You didn't know any spells.

Dungeon Overview and Level Annotations

Branches:
Dungeon (1/1)

Altars:
Cheibriados
Dithmenos
Elyvilon
Gozag
Hepliaklqana
Kikubaaqudgha
Makhleb
Nemelex Xobeh
Okawaru
Qazlal
Ru
Sif Muna
Trog
Uskayaw
Vehumet
Wu Jian
Xom
Yredelemnul
Zin
The Shining One
Beogh
Jiyva
Lugonu

Annotations:
D exclusion: oklob sapling


Innate Abilities, Weirdness & Mutations

You reflexively headbutt those who attack you in melee.
You have a pair of horns on your head.


Message History

The oklob sapling priest looks encouraged for a moment.
You hit the oklob sapling priest but do no damage.
You hit the oklob sapling priest but do no damage.
You slash the oklob sapling priest!
The oklob sapling priest is moderately damaged.
You hit the oklob sapling priest but do no damage.
The oklob sapling priest is moderately damaged.
You flicker for a moment.
You hit the oklob sapling priest.
You headbutt the oklob sapling priest, but do no damage.
The oklob sapling priest is heavily damaged.
The oklob sapling priest miscasts a cantrip.
You catch the helpless oklob sapling priest completely off-guard!
You hit the oklob sapling priest. You headbutt the oklob sapling priest.
The oklob sapling priest is heavily damaged.
You hit the oklob sapling priest but do no damage.
The oklob sapling priest is heavily damaged.
The oklob sapling priest mumbles some strange prayers to its god against you.
Something smites you!
You die...

########################
....#.....#.⌠._._._._.⌠.
(...'.#...'.._._._._._..
....#.#...#..._.@P_._...
########+##.._._._._._..
#._._._._._.⌠.
##############


You could see an oklob sapling priest.

Vanquished Creatures
  An oklob sapling (D)
  A worker ant (D)
  A river rat (D)
  A rat (D)
4 creatures vanquished.

Notes
Turn   | Place    | Note
-------+----------+-------------------------------------------
     0 | D        | wojtek the Minotaur Berserker began the quest for the Orb.
     0 | D        | Reached XP level 1. HP: 19/19 MP: 0/0
     7 | D        | Reached skill level 4 in Axes
     8 | D        | Reached skill level 6 in Axes
     8 | D        | Reached XP level 2. HP: 26/26 MP: 1/1
    14 | D        | Noticed an oklob sapling
    16 | D        | Killed an oklob sapling
    16 | D        | Reached ** piety under Trog
    16 | D        | Reached skill level 8 in Axes
    16 | D        | Reached XP level 3. HP: 31/31 MP: 2/2
    19 | D        | Found the amulet of invisibility {+Inv}
    27 | D        | Reached skill level 9 in Axes
   327 | D        | Found an opulent altar of Gozag.
   327 | D        | Found a hazy altar of Hepliaklqana.
   327 | D        | Found a roughly hewn altar of Beogh.
   327 | D        | Found a snail-covered altar of Cheibriados.
   328 | D        | Found a viscous altar of Jiyva.
   328 | D        | Found a burning altar of Makhleb.
   328 | D        | Found a sparkling altar of Nemelex Xobeh.
   328 | D        | Found a sacrificial altar of Ru.
   328 | D        | Found a deep blue altar of Sif Muna.
   328 | D        | Found a bloodstained altar of Trog.
   328 | D        | Found an ornate altar of the Wu Jian Council.
   328 | D        | Found a shimmering altar of Xom.
   328 | D        | Found a basalt altar of Yredelemnul.
   328 | D        | Noticed an oklob sapling priest
   329 | D        | Found an iron altar of Okawaru.
   329 | D        | Found a shadowy altar of Dithmenos.
   329 | D        | Found a glowing silver altar of Zin.
   330 | D        | Found a hide-covered altar of Uskayaw.
   330 | D        | Found an ancient bone altar of Kikubaaqudgha.
   331 | D        | Found a stormy altar of Qazlal.
   331 | D        | Found a glowing golden altar of the Shining One.
   331 | D        | Found a white marble altar of Elyvilon.
   332 | D        | Found a radiant altar of Vehumet.
   332 | D        | Found a corrupted altar of Lugonu.
   342 | D        | Killed from afar by an oklob sapling priest

Skill      XL: |  1  2  3 |
---------------+----------+-----
Axes           | 6 8 9 |  9.6
Fighting       | |  3.6
Armour         | |  2.4
Dodging        | |  2.1

Action                   || total
-------------------------++-------
Melee: Hand axe          ||    20
       Headbutt          ||     3
Invok: Berserk           ||     1
 Abil: Evoke Invisibilit ||     1
  Use: Potion            ||     1
 Stab: Invisible         ||     1
Armor: Animal skin       ||     1
Dodge: Dodged            ||     9
